 Dungeon Crawl Stone Soup version 0.31-a0-1009-g454b1f1e0a (webtiles) character file.

Game seed: 15798561730195468977

1604 ChronoRanger the Thaumaturge (level 8, -3/41 HPs)
             Began as a Deep Elf Conjurer on Nov 14, 2023.
             Was an Initiate of Vehumet.
             Slain by a wraith (10 damage)
             ... in an ossuary.
             The game lasted 00:14:24 (5800 turns).

ChronoRanger the Thaumaturge (Deep Elf Conjurer)    Turns: 5800, Time: 00:14:25

Health: -3/41      AC:  2    Str:  4    XL:     8   Next: 63%
Magic:  21/25      EV: 13    Int: 26    God:    Vehumet [......]
Gold:   224        SH:  0    Dex: 13    Spells: 26/29 levels left

rFire   + . .        p - staff of poison
rCold   + . .        (no shield)
rNeg    . . .        a - +0 robe
rPois   +            (no helmet)
rElec   +            d - scarf of the Muttering Gods {rC+ rF+, *Corrode rElec Stlth+}
rCorr   .            (no gloves)
SInv    .            (no boots)
Will    .....        (no amulet)
Stlth   +++          q - ring of poison resistance
HPRegen 0.26/turn    (no ring)
MPRegen 0.19/turn

%: corrode self (3%)
@: slowed, very slow
A: no striking features
a: Renounce Religion


You were in an ossuary.
You worshipped Vehumet.
Vehumet was noncommittal.
You visited 1 branch of the dungeon, and saw 6 of its levels.
You also visited: Ossuary.

You collected 224 gold pieces.

Inventory:

Hand Weapons
 f - a +0 dagger
 i - a +3 dagger
Missiles
 o - a throwing net
Armour
 a - a +0 robe (worn)
 c - a +0 leather armour
 d - the scarf of the Muttering Gods (worn) {rC+ rF+, *Corrode rElec Stlth+}
   (You found it on level 4 of the Dungeon)

   rElec:     It insulates you from electricity.
   *Corrode:  It may corrode you when you take damage.
   Stlth+:    It makes you more stealthy.
Magical Staves
 p - a staff of poison (weapon)
Jewellery
 q - a ring of poison resistance (left hand)
 x - a ring of protection from cold
Wands
 t - a wand of paralysis (12)
 y - a wand of flame (20)
Scrolls
 e - 6 scrolls of fear {unknown}
 g - a scroll of revelation {unknown}
 j - 3 scrolls of fog
 k - a scroll of noise
 r - 2 scrolls of immolation
 u - a scroll of enchant weapon {unknown}
 v - 3 scrolls of teleportation {unknown}
 w - 2 scrolls of blinking {unknown}
 z - a scroll of identify
 A - a scroll of vulnerability {unknown}
Potions
 b - a potion of magic
 h - 2 potions of mutation
 l - 4 potions of curing
 m - 2 potions of heal wounds {unknown}
 n - 4 potions of lignification {unknown}
 s - 2 potions of might
 B - 3 potions of enlightenment {unknown}


   Skills:
 + Level 4.1 Dodging
 - Level 2.4 Stealth
 * Level 11.3 Spellcasting
 + Level 8.3 Conjurations


You had 26 spell levels left.
You knew the following spells:

 Your Spells              Type           Power      Damage    Failure   Level
a - Magic Dart            Conj           100%       1d8       1%          1
b - Searing Ray           Conj           100%       2d8       1%          2

Your spell library contained the following spells:

 Spells                   Type           Power      Damage    Failure   Level
 Dazzling Flash           Conj/Hex       72%        N/A       2%          3
 Stone Arrow              Conj/Erth      72%        3d11      2%          3
 Mephitic Cloud           Conj/Pois/Air  43%        N/A       3%          3
 Lesser Beckoning         Tloc           28%        N/A       6%          2
 Poisonous Vapours        Pois/Air       44%        N/A       6%          2
 Fulminant Prism          Conj/Hex       18%        3d10      7%          4
 Iskenderun's Mystic Bla  Conj/Tloc      36%        2d9       7%          4
 Gell's Gravitas          Tloc           14%        N/A       12%         3
 Teleport Other           Tloc           14%        N/A       12%         3
 Freezing Cloud           Conj/Ice/Air   14%        6-21      34%         5
 Animate Armour           Summ/Erth      28%        N/A       36%         4
 Summon Forest            Summ/Tloc      7%         N/A       73%         5
 Summon Mana Viper        Hex/Summ       14%        N/A       73%         5
 Summon Cactus Giant      Summ           7%         N/A       99%         6
 Lehudib's Crystal Spear  Conj/Erth      18%        10d5      100%        8


Dungeon Overview and Level Annotations

Branches:
Dungeon (6/15)            Ossuary (1/1)
 Temple: D:4-7

Altars:
Vehumet
The Shining One

Shops:
D:3 [   D:4 :

Annotations:
D:6 1 runed translucent door, topfpfpflanze's ghost, novice FeCj


Message History

There is an open gate here.
You open the door.
There is an open door here.
Found four items.
Found a glowing emerald potion and a scroll labelled LOIPRONYUST.
You open the door. The wraith hits you. The wraith drains your vigour!
You feel yourself slow down.
There is an open door here.
Casting: Magic Dart (safe; 1% risk of failure)
Confirm with . or Enter, or press ? or * to list all spells.
Aiming: Magic Dart (safe; 1% risk of failure)
Press: ? - help, Shift-Dir - straight line, f - wraith
Aim: a wraith (100% to hit)
The magic dart hits the wraith but does no damage.
The wraith closely misses you.
Casting: Magic Dart (safe; 1% risk of failure)
Confirm with . or Enter, or press ? or * to list all spells.
Aiming: Searing Ray (safe; 1% risk of failure)
Press: ? - help, Shift-Dir - straight line, f/p - wraith
Aim: a wraith (83% to hit)
The searing ray hits the wraith.
The wraith is lightly damaged. (Press . to maintain the ray.)
The wraith hits you! The wraith misses you.
The searing ray hits the wraith.
The wraith is moderately damaged.
The wraith hits you!
* * * LOW HITPOINT WARNING * * *
The searing ray hits the wraith.
The wraith is moderately damaged.
The wraith closely misses you. The wraith hits you!
* * * LOW HITPOINT WARNING * * *
The wraith drains your vigour!
You feel as though you will be slow longer.
Okay, then.
The wraith attacks as it pursues you! The wraith hits you.
* * * LOW HITPOINT WARNING * * *
The wraith hits you!
You die...

#####+#####
#..@W.....##
#...##'##...##
#...##...##...##
#...##..?..##...#
+...#..????.#...+
#...##.!.?.##...#
##...##...##...##
#...#####...## .
##.........##...


You could see a wraith.

Vanquished Creatures
  Grinder (D:4)
  Eustachio (D:5)
  An ice beast (D:5)
  2 ogres (D:5)
  A phantom (D:4)
  Blork the orc (D:5)
  2 kobold brigands
  2 scorpions
  2 hounds
  A sleepcap (D:4)
  2 gnoll boudas
  3 iguanas
  3 orc wizards
  2 mummies
  8 gnolls
  10 adders
  A shadow imp (D:6)
  2 worms
  3 dart slugs
  10 orcs
  3 ball pythons
  5 endoplasms
  4 giant cockroaches
  16 goblins
  5 hobgoblins
  2 jackals (D:1)
  7 quokkas
  4 bats
  A frilled lizard (D:3)
  A gnoll skeleton (Ossuary)
  A hobgoblin zombie (D:6)
  11 kobolds
  2 kobold skeletons (Ossuary)
  6 orc skeletons (Ossuary)
  An orc zombie (D:6)
  5 rats
132 creatures vanquished.

Notes
Turn   | Place    | Note
-------+----------+-------------------------------------------
     0 | D:1      | ChronoRanger the Deep Elf Conjurer began the quest for the
                  | Orb.
     0 | D:1      | Reached XP level 1. HP: 10/10 MP: 6/6
   154 | D:1      | Reached XP level 2. HP: 15/15 MP: 6/8
   166 | D:1      | Learned a level 2 spell: Searing Ray
   447 | D:1      | Reached skill level 5 in Conjurations
   819 | D:1      | Reached XP level 3. HP: 19/19 MP: 6/10
  1708 | D:2      | Reached skill level 4 in Spellcasting
  1999 | D:2      | Found a faded altar of an unknown god.
  2315 | D:3      | Found Pickox's Antique Armour Shop.
  2730 | D:3      | Reached XP level 4. HP: 24/24 MP: 10/12
  2881 | D:4      | Identified the scarf of the Muttering Gods {rC+ rF+,
                  | *Corrode rElec Stlth+}
  3046 | D:4      | Found Rih Figuf's Book Emporium.
  3150 | D:4      | Reached skill level 5 in Spellcasting
  3157 | D:4      | Reached XP level 5. HP: 28/28 MP: 1/15
  3300 | D:4      | Found a glowing golden altar of the Shining One.
  3309 | D:4      | Noticed a phantom
  3318 | D:4      | Killed a phantom
  3319 | D:4      | Reached skill level 6 in Spellcasting
  3414 | D:4      | Reached XP level 6. HP: 26/32 MP: 8/17
  3506 | D:4      | Noticed Grinder
  3518 | D:4      | Killed Grinder
  3519 | D:4      | Reached skill level 8 in Spellcasting
  3672 | D:4      | Reached XP level 7. HP: 36/36 MP: 15/20
  4000 | D:5      | Entered Level 5 of the Dungeon
  4251 | D:5      | Noticed Blork the orc
  4258 | D:5      | Killed Blork the orc
  4287 | D:5      | Noticed Eustachio
  4295 | D:5      | Killed Eustachio
  4296 | D:5      | Reached skill level 9 in Spellcasting
  4511 | D:5      | Reached skill level 10 in Spellcasting
  4511 | D:5      | Reached XP level 8. HP: 38/41 MP: 18/24
  5089 | D:6      | Found a runed translucent door.
  5108 | D:6      | Noticed topfpfpflanze's ghost (novice FeCj)
  5154 | D:6      | Found a radiant altar of Vehumet.
  5259 | D:6      | Reached skill level 11 in Spellcasting
  5384 | D:6      | Became a worshipper of Vehumet
  5608 | D:6      | Found a sand-covered staircase.
  5614 | Ossuary  | Entered an ossuary
  5800 | Ossuary  | Slain by a wraith

Illustrated notes

Levels and vault maps discovered:
D:1:      dpeg_arrival_simpleton_a, layout_basic, minmay_quantized
D:2:      layout_basic, basic_ecumenical_altar
D:3:      layout_loops_ring, serial_shops, shop
D:4:      layout_rooms, tso_oasis_becter, serial_bayou, serial_bayou_ford_a,
          serial_bayou_lagoon_a, serial_bayou_shore_a, serial_bayou_pond_e,
          serial_shops, kennysheep_little_box, uniq_grinder
D:5:      layout_cave_pools, blue_anna_alchemist, hangedman_decor_points,
          minmay_ogre_servants, uniq_eustachio, uniq_blork_the_orc
D:6:      layout_basic, fiery_altar_vehumet, lemuel_mausoleum_altar_yredelemnul,
          ebering_ghost_sewer_f, nicolae_ossuary_entry_giza,
          minmay_misc_feat_room
Ossuary:  ossuary_due_mausoleum

Skill      XL: |  1  2  3  4  5  6  7  8 |
---------------+-------------------------+-----
Conjurations   | 5 6 7 8 |  8.3
Spellcasting   | 4 5 6 8 10 11 | 11.3
Dodging        | 4 |  4.1
Stealth        | |  2.4

Action                     |  1- 3 |  4- 6 |  7- 9 || total
---------------------------+-------+-------+-------++-------
   Cast: Magic Dart        |    84 |    41 |    73 ||   198
         Searing Ray       |     3 |     9 |    46 ||    58
    Use: Scroll            |       |     5 |     1 ||     6
 Armour: Robe              |     5 |     3 |    22 ||    30
  Dodge: Dodged            |     4 |     1 |    25 ||    30

Table legend: (Time is in decaauts)
 A = Elapsed time spent in this place.
 B = Non-inter-level travel time spent in this place.
 C = Inter-level travel time spent in this place.
 D = Time resting spent in this place.
 E = Time spent auto-exploring this place.
 F = Levels seen in this place.
 G = Mean time per level.
                   A        B        C        D        E       F      G
               +--------+--------+--------+--------+--------+-----+--------+
         Total |   5826 |   5733 |     93 |    186 |   4805 |   7 |  832.3 |
       Dungeon |   5638 |   5545 |     93 |    104 |   4739 |   6 |  939.7 |
       Ossuary |    188 |    188 |      0 |     82 |     66 |   1 |  188.0 |
               +--------+--------+--------+--------+--------+-----+--------+

Top non-repeatable levels by time:
     D:1: 1177 daAuts
     D:4: 1162 daAuts
     D:5: 1088 daAuts
     D:2: 933 daAuts
     D:3: 752 daAuts
     D:6: 524 daAuts
 Ossuary: 188 daAuts
